 Dungeon Crawl Stone Soup version 0.20-a0-864-g92acfd1 (webtiles) character file.

292 nikopol the Magician (level 6, -6/32 HPs)
             Began as a Deep Elf Fire Elementalist on Mar 12, 2017.
             Killed from afar by an orc wizard (12 damage)
             ... with a magic dart
             ... on level 5 of the Dungeon.
             The game lasted 00:17:30 (4777 turns).

nikopol the Magician (Deep Elf Fire Elementalist)   Turns: 4777, Time: 00:17:31

Health: -6/32      AC:  3    Str:  5    XL:     6   Next: 10%
Magic:  11/15      EV: 14    Int: 22    God:
Gold:   245        SH:  0    Dex: 15    Spells: 8/14 levels left

rFire    . . .     SeeInvis .   e - +1 whip (drain)
rCold    . . .     Gourm    .   a - +0 robe
rNeg     . . .     Faith    .   (no shield)
rPois    .         Spirit   .   h - +0 helmet
rElec    .         Reflect  .   (no cloak)
rCorr    .         Harm     .   (no gloves)
MR       .....                  (no boots)
Stlth    ++........             (no amulet)
Regen    0.1/turn               (no ring)
MPRegen  0.2/turn               (no ring)

@: no status effects
A: no striking features
a: no special abilities


You were on level 5 of the Dungeon.
You were near starving.

You visited 1 branch of the dungeon, and saw 5 of its levels.

You collected 245 gold pieces.

Inventory:

Hand Weapons
 e - a +1 whip of draining (weapon)
Armour
 a - a +0 robe (worn)
 h - a +0 helmet (worn)
Wands
 p - a wand of confusion (31/48)
Scrolls
 d - 3 scrolls of recharging {unknown}
 f - 3 scrolls of teleportation {unknown}
 g - 2 scrolls of fog {unknown}
 i - 3 scrolls of identify {unknown}
 k - a scroll of fear {unknown}
 n - 2 scrolls of enchant armour {unknown}
 o - 2 scrolls of remove curse {unknown}
 v - a scroll of immolation {unknown}
Potions
 j - 3 potions of curing {unknown}
 l - 2 potions of ambrosia {unknown}
 m - a potion of flight {unknown}
 q - a potion of agility {unknown}
 r - a potion of haste {unknown}
 s - a potion of heal wounds {unknown}
 t - 2 potions of degeneration {unknown}
 u - a potion of mutation {unknown}
Books
 b - a book of Flames

   Spells                             Type                      Level
   a - Flame Tongue                   Conjuration/Fire             1
   b - Throw Flame                    Conjuration/Fire             2
   c - Conjure Flame                  Conjuration/Fire             3
   d - Inner Flame                    Hexes/Fire                   3
   e - Sticky Flame                   Conjuration/Fire             4
   f - Fireball                       Conjuration/Fire             5
Comestibles
 c - 4 bread rations


   Skills:
 + Level 3.7 Dodging
 - Level 3.4 Stealth
 * Level 4.8 Spellcasting
 * Level 3.5 Conjurations
 * Level 4.7 Fire Magic


You had 8 spell levels left.
You knew the following spells:

 Your Spells              Type           Power        Failure   Level  Hunger
a - Flame Tongue          Conj/Fire      ###..        1%          1    None
b - Throw Flame           Conj/Fire      ###...       3%          2    None
c - Conjure Flame         Conj/Fire      ###.....     8%          3    ##.....


Dungeon Overview and Level Annotations

Branches:
Dungeon (5/15)
 Temple: D:4-7

Altars:
Dithmenos
Elyvilon
Gozag
Zin

Annotations:
D:3 Graouh's ghost, amateur MiFi


Message History

The flame tongue misses the orc wizard.
The flame tongue hits the orc.
The orc is lightly wounded.
The orc wizard gestures at you while chanting.
The puff of frost hits you!
The orc wizard mumbles some strange words.
The orc wizard flickers and vanishes!
Deactivating autopickup; reactivate with Ctrl-A.
You are near starving!
A magic dart appears from out of thin air!
The magic dart hits you!
You hear some strange, mumbled words.
Something hits you. Something hits you but does no damage.
You hear some strange, mumbled words.
A puff of flame appears from out of thin air!
The puff of flame hits you!
* * * LOW HITPOINT WARNING * * *
A magic dart appears from out of thin air!
The magic dart hits you!
You die...

#.###.#####.#
#.....#
#######.# >..#
#.#
###.###.#####.#
#.............#
#...#.##.######
#...#.##.#
#....@##.#
#..##.##.#
#....{...# .###
#.....#### ...
#####.#### ..
#......# .
#.#o##.#
#...##.#
#.g###.#


You could see an orc.

Vanquished Creatures
  A centaur zombie (D:5)
  A bullfrog skeleton (D:3)
  Jessica (D:3)
  Natasha (D:4)
  A worker ant (D:4)
  4 adders
  2 oozes
  An adder skeleton (D:4)
  8 worms
  2 dart slugs
  6 leopard geckos
  5 orcs
  2 giant cockroaches
  7 hobgoblins
  A quokka (D:2)
  A ball python (D:2)
  11 bats
  5 frilled lizards
  6 goblins
  8 kobolds
  10 rats
84 creatures vanquished.

Notes
Turn   | Place    | Note
-------+----------+-------------------------------------------
     0 | D:1      | nikopol the Deep Elf Fire Elementalist began the quest for the Orb.
     0 | D:1      | Reached XP level 1. HP: 10/10 MP: 6/6
   328 | D:1      | Reached XP level 2. HP: 10/15 MP: 2/8
   333 | D:1      | Learned a level 2 spell: Throw Flame
  1117 | D:2      | Reached XP level 3. HP: 19/19 MP: 6/9
  1265 | D:2      | Found a shadowy altar of Dithmenos.
  1400 | D:2      | Found a white marble altar of Elyvilon.
  1813 | D:2      | Reached XP level 4. HP: 22/24 MP: 5/11
  2106 | D:2      | Learned a level 3 spell: Conjure Flame
  2541 | D:3      | Noticed Jessica
  2551 | D:3      | Killed Jessica
  2704 | D:3      | Reached XP level 5. HP: 20/28 MP: 6/13
  2705 | D:3      | Noticed Graouh's ghost (amateur MiFi)
  3629 | D:4      | Noticed Natasha
  3631 | D:4      | Killed Natasha
  3976 | D:4      | Found a glowing silver altar of Zin.
  3977 | D:4      | Found an opulent altar of Gozag.
  4407 | D:5      | Entered Level 5 of the Dungeon
  4481 | D:5      | Reached XP level 6. HP: 17/32 MP: 4/15
  4777 | D:5      | Killed from afar by an orc wizard

Vault maps used:
D:1:      dpeg_arrival_pond
D:2:      old_standard_altar, elyvilon_altar_3, serial_curves, eino_curves_04,
          eino_curves_03, eino_curves_02, first_bread, kennysheep_small_spiral
D:3:      uniq_jessica
D:4:      grunt_temple_overflow_gold_and_silver, uniq_natasha
D:5:      gammafunk_temple_overflow_pools, minmay_temple_entry_glass,
          basic_altar

Skill      XL: |  1  2  3  4  5 |
---------------+----------------+-----
Stealth        | 3 |  3.4
Dodging        | 3 |  3.7
Conjurations   | 2 3 |  3.5
Fire Magic     | 4 |  4.7
Spellcasting   | 4 |  4.8

Action                   |  1- 3 |  4- 6 || total
-------------------------+-------+-------++-------
Melee: Unarmed           |     1 |       ||     1
       Whip              |       |     2 ||     2
 Cast: Flame Tongue      |    83 |   108 ||   191
       Conjure Flame     |       |     2 ||     2
       Throw Flame       |       |     7 ||     7
  Eat: Chunk             |     2 |     8 ||    10
Armor: Robe              |     8 |     7 ||    15
Dodge: Dodged            |    20 |    23 ||    43
